 Dungeon Crawl Stone Soup version 0.24-a0-582-g4d4af81 (webtiles) character file.

Game seed: 1080201620745124803

75945 DrEnzyme the Carver (level 14, 0/126 HPs)
             Began as a Demigod Wanderer on Aug 26, 2019.
             Slain by a yak (13 damage)
             ... on level 6 of the Lair of Beasts on Aug 27, 2019.
             The game lasted 01:34:31 (27988 turns).

DrEnzyme the Carver (Demigod Wanderer)             Turns: 27988, Time: 01:34:31

Health: 0/126      AC: 11    Str: 22    XL:     14   Next: 69%
Magic:  19/19      EV: 16    Int: 24    God:
Gold:   1365       SH: 13    Dex: 21    Spells: 13/13 levels left

rFire    + . .     SeeInvis .   P - +8 demon blade "Bloodbane" {slice, *Rage +Rage Stlth-}
rCold    + . .     Gourm    .   B - +0 shield
rNeg     . . .     Faith    .   e - +0 troll leather armour of Daleraru {rF+ Regen+ Int+5 Stlth-}
rPois    .         Spirit   .   d - +1 helmet {Int+3}
rElec    .         Reflect  .   z - +0 cloak {MR+}
rCorr    .         Harm     .   (no gloves)
MR       ++...     Rnd*Rage +   F - +2 pair of boots
Stlth    +.........             I - amulet "Imirit" {RegenMP +Blink}
HPRegen  0.71/turn              S - +5 ring of dexterity
MPRegen  0.41/turn              m - ring of protection from cold

@: about to teleport, berserk cooldown, slowed, studying Long Blades, very slow
A: high mp 1
a: Evoke Blink, Evoke Berserk Rage


You were on level 6 of the Lair of Beasts.
You were not hungry.

You visited 3 branches of the dungeon, and saw 20 of its levels.

You collected 2591 gold pieces.
You spent 1226 gold pieces at shops.

Inventory:

Hand Weapons
 a - a +3 falchion
 P - the +8 demon blade "Bloodbane" (weapon) {slice, *Rage +Rage Stlth-}
   (You found it on level 9 of the Dungeon)

   It inflicts extra damage upon your enemies.
   It lets you go berserk.
   It may make you go berserk in combat.
   It makes you less stealthy.
Missiles
 H - 8 silver javelins (quivered)
Armour
 d - a +1 helmet of intelligence (worn)
 e - the +0 troll leather armour of Daleraru (worn) {rF+ Regen+ Int+5 Stlth-}
   (You bought it in a shop on level 2 of the Orcish Mines)

   It affects your intelligence (+5).
   It protects you from fire.
   It increases your rate of regeneration.
   It makes you less stealthy.
 u - a scarf of repulsion
 x - a scarf of spirit shield
 z - a +0 cloak of magic resistance (worn)
 B - a +0 shield (worn)
 F - a +2 pair of boots (worn)
 O - a +2 cloak
Jewellery
 m - a ring of protection from cold (right hand)
 p - an uncursed ring of fire
 q - an uncursed ring of flight
 C - an uncursed ring of positive energy
 G - an uncursed ring of resist corrosion
 I - the amulet "Imirit" (around neck) {RegenMP +Blink}
   (You acquired it on level 10 of the Dungeon)

   [amulet of magic regeneration]

   It increases your magic regeneration.
   It lets you blink.
 S - a +5 ring of dexterity (left hand)
 U - an uncursed amulet of rage {unknown}
Wands
 g - a wand of iceblast (27)
 n - a wand of polymorph (16)
 r - a wand of paralysis (14)
 s - a wand of digging (15)
 K - a wand of flame (26)
Scrolls
 b - 3 scrolls of blinking
 i - 4 scrolls of identify
 k - 5 scrolls of teleportation
 v - 2 scrolls of enchant armour
 w - 7 scrolls of magic mapping
 A - 10 scrolls of remove curse
 D - a scroll of fog
 E - 2 scrolls of immolation
 J - a scroll of enchant weapon
 T - 2 scrolls of fear
 X - a scroll of silence {unknown}
Potions
 c - 6 potions of curing
 h - 4 potions of might
 l - 2 potions of agility
 t - 3 potions of haste
 N - 3 potions of heal wounds
 Q - a potion of mutation
 V - 3 potions of cancellation
 W - 3 potions of invisibility
Books
 y - a manual of Long Blades
Comestibles
 f - 26 rations
 j - 4 chunks of flesh


   Skills:
 * Level 12.0 Fighting
 + Level 14.8 Long Blades
   Level 1.7 Maces & Flails
   Level 3.2(5.0) Slings
 + Level 6.0(6.4) Throwing
 + Level 6.0 Armour
 + Level 6.6 Dodging
 + Level 5.2 Stealth
 * Level 10.9 Shields
 + Level 1.1 Unarmed Combat
 + Level 2.5 Evocations


You had 13 spell levels left.
You didn't know any spells.
Your spell library contained the following spells:

 Spells                   Type           Power        Failure   Level  Hunger
 Animate Skeleton         Necr           N/A          28%         1    ##.....
 Apportation              Tloc           #.....       28%         1    ##.....
 Beastly Appendage        Tmut           #.....       28%         1    ##.....
 Confusing Touch          Hex            #.....       28%         1    ##.....
 Magic Dart               Conj           #...         28%         1    ##.....
 Sandblast                Erth           #.....       28%         1    ##.....
 Summon Butterflies       Summ           #.......     28%         1    ##.....
 Summon Small Mammal      Summ           #...         28%         1    ##.....
 Blink                    Tloc           N/A          38%         2    ###....
 Call Imp                 Summ           #.......     38%         2    ###....
 Passwall                 Tmut/Erth      #.......     38%         2    ###....
 Slow                     Hex            #.......     38%         2    ###....
 Sticks to Snakes         Tmut           #.......     38%         2    ###....
 Call Canine Familiar     Summ           #.......     63%         3    ####...
 Conjure Flame            Conj/Fire      #.......     63%         3    ####...
 Ignite Poison            Fire/Tmut/Pois #.......     63%         3    ####...
 Mephitic Cloud           Conj/Pois/Air  #.......     63%         3    ####...
 Spider Form              Tmut/Pois      #.........   63%         3    ####...
 Static Discharge         Conj/Air       #.......     63%         3    ####...
 Stone Arrow              Conj/Erth      #.....       63%         3    ####...
 Ice Form                 Ice/Tmut       #.......     95%         4    #####..
 Petrify                  Tmut/Erth      #.......     95%         4    #####..
 Summon Ice Beast         Ice/Summ       #.......     95%         4    #####..
 Blade Hands              Tmut           #.........   100%        5    ######.
 Fireball                 Conj/Fire      #.........   100%        5    ######.
 Lee's Rapid Deconstruct  Erth           #.........   100%        5    ######.
 Lightning Bolt           Conj/Air       #.........   100%        5    ######.
 Summon Mana Viper        Hex/Summ       #.......     100%        5    ######.
 Bolt of Fire             Conj/Fire      #.........   100%        6    #######
 Poison Arrow             Conj/Pois      #.........   100%        6    #######
 Ring of Flames           Chrm/Fire      #.........   100%        7    #######
 Summon Hydra             Summ           #.........   100%        7    #######
 Chain Lightning          Conj/Air       #.........   100%        8    #######
 Ignition                 Fire           #.........   100%        8    #######
 Lehudib's Crystal Spear  Conj/Erth      #.........   100%        8    #######
 Fire Storm               Conj/Fire      #.........   100%        9    #######
 Glaciate                 Conj/Ice       #.........   100%        9    #######
 Shatter                  Erth           #.........   100%        9    #######
 Tornado                  Air            #.........   100%        9    #######


Dungeon Overview and Level Annotations

Branches:
Dungeon (12/15)            Temple (0/1) D:6            Lair (6/6) D:10
 Shoals (0/4) Lair:4       Spider (0/4) Lair:4        Slime (0/5) Lair:5
    Orc (2/2) D:11            Elf (0/3) Orc:2

Shops:
D:4 }   Orc:2 [[[(

Annotations:
Lair:2 1 runed translucent door, Nithhogg's ghost, journeyman MiFi
Lair:5 exclusion: oklob plant


Innate Abilities, Weirdness & Mutations

You have an increased reservoir of magic. (+10% MP)


Message History

The manticore bites you!!
* * * LOW HITPOINT WARNING * * *
The manticore barely misses you. You block the manticore's attack.
You block the death yak's attack. The yak barely misses you.
You riposte.
You slash the yak!
The yak is heavily wounded.
The barbs in your skin will harm you if you move.
Continue?
Okay, then.
As you read the scroll of teleportation, it crumbles to dust.
You feel strangely unstable.
You carefully extract the barbed spikes from your body.
The yak gores you.
* * * LOW HITPOINT WARNING * * *
The manticore bites you!
* * * LOW HITPOINT WARNING * * *
The manticore closely misses you. The manticore claws you.
* * * LOW HITPOINT WARNING * * *
You block the death yak's attack. You block the yak's attack.
The yak gores you!
You die...

###..### ###...##....#
#..... ##...## ###......##
#..... ###..## ##...##PP#
#..... . ##...# ##..### ###
##.... . #...## #..## ###
###.. ##. ##...###.##
###.## ##.. #..#
##.......Y####....## ##..#
....#
##..###..YHY##......###....
.....##..##
###P@Y#......###.....
.8.8..Y†.# ##..÷÷.##..#
#..... 8....8†###
###.###...# #.....
...8....# #######...##
#..P## ....8...P#
#P.###...## ##....#
##....#### #......##
##.....P #####
###......###.†..P..
###......8.....÷§....
#######....8.........#.#...


You could see a death yak, a manticore and 3 yaks.

Vanquished Creatures
  Frances (D:11)
  Gastronok (Lair:3)
  An orc warlord (Orc:1)
  A dire elephant (Lair:6)
  Erolcha (Orc:2)
  Fannar (Orc:1)
  2 hydras
  An anaconda (Lair:6)
  2 catoblepae (Lair:6)
  10 death yaks
  2 alligators (Lair:6)
  2 unseen horrors
  Pikel (D:8)
  A lindwurm (Lair:3)
  2 ugly things
  9 orc sorcerers
  2 orc knights (Orc:2)
  2 cyclopes
  2 manticores
  A wolf spider (Lair:4)
  5 elephants (Lair:6)
  A centaur zombie (D:12)
  8 black mambas
  The ghost of DrEnzyme the Bolt Thrower, a novice DgWn (D:4)
  2 torpor snails (Lair:6)
  An eye of devastation (Lair:5)
  A gargoyle (D:12)
  5 spiny frogs
  4 rime drakes (Lair:2)
  12 komodo dragons
  9 trolls
  A jumping spider (Lair:4)
  5 polar bears
  A dream sheep (Lair:6)
  17 blink frogs
  A meliai zombie (D:12)
  A snapping turtle (Lair:4)
  14 hippogriffs
  2 wraiths (D:12)
  2 redbacks (Lair:4)
  2 vampires
  73 yaks
  2 wyverns (D:11)
  3 basilisks
  Grum (D:9)
  2 hungry ghosts
  2 vampire mosquitoes (Lair:4)
  14 steam dragons
  10 wargs
  An insubstantial wisp (Lair:4)
  An acid dragon (D:11)
  11 water moccasins
  7 porcupines
  27 orc warriors
  A swamp drake (Lair:4)
  3 phantoms
  3 ice beasts
  3 sky beasts
  2 slaves
  An eye of draining (Lair:5)
  4 black bears
  13 ogres
  5 centaurs
  4 wolves (D:9)
  12 crocodiles
  3 big kobolds
  10 bullfrogs
  A water moccasin zombie (D:12)
  A wyvern skeleton (D:11)
  3 scorpions
  A killer bee (D:11)
  4 howler monkeys
  An electric eel (Lair:4)
  5 crimson imps
  A bullfrog zombie (D:6)
  4 quasits
  A centaur skeleton (D:6)
  8 jellies
  2 bullfrog skeletons
  12 hounds
  6 orc priests
  A gnoll shaman (D:7)
  An iguana (D:7)
  Ijyb (D:4)
  44 orc wizards
  13 worker ants
  2 hound skeletons
  2 worker ant zombies (D:11)
  Robin (D:2)
  A howler monkey zombie (D:6)
  7 adders
  9 gnolls
  4 shadow imps
  7 oozes
  3 adder skeletons
  4 worms
  3 dart slugs
  10 leopard geckos
  103 orcs
  8 giant cockroaches
  20 goblins
  11 hobgoblins
  12 jackals
  20 kobolds
  6 quokkas
  3 ball pythons (D:2)
  6 bats
  11 frilled lizards
  A jackal zombie (D:9)
  2 leopard gecko skeletons
  11 rats
  3 plants
738 creatures vanquished.

Vanquished Creatures (others)
  A rime drake (Lair:2)
  A yak (Lair:2)
  An acid dragon (Lair:2)
  A shadow imp (D:8)
  An orc (D:11)
  A kobold (D:8)
  A butterfly (Lair:2)
  4 fungi (Lair:6)
  18 plants
29 creatures vanquished.

Grand Total: 767 creatures vanquished

Notes
Turn   | Place    | Note
-------+----------+-------------------------------------------
     0 | D:1      | DrEnzyme the Demigod Wanderer began the quest for the Orb.
     0 | D:1      | DrEnzyme set off with the following items: a +2 falchion, a
                  | scroll of teleportation, a potion of lignification, a +0
                  | robe, a +0 dagger, a ration
     0 | D:1      | Reached XP level 1. HP: 16/16 MP: 3/3
   169 | D:1      | Reached skill level 3 in Long Blades
   384 | D:1      | Reached XP level 2. HP: 20/23 MP: 4/4
  1016 | D:1      | Reached XP level 3. HP: 20/28 MP: 5/5
  1487 | D:2      | Found a hazy altar of Hepliaklqana.
  1881 | D:2      | Found a snail-covered altar of Cheibriados.
  2118 | D:2      | Reached skill level 4 in Long Blades
  2122 | D:2      | Found an ancient bone altar of Kikubaaqudgha.
  2352 | D:2      | Noticed Robin
  2396 | D:2      | Reached XP level 4. HP: 35/35 MP: 6/6
  2488 | D:2      | Killed Robin
  2911 | D:3      | Reached skill level 1 in Slings
  3064 | D:3      | Found an opulent altar of Gozag.
  3640 | D:3      | Reached XP level 5. HP: 39/40 MP: 7/7
  3678 | D:3      | Found a glowing silver altar of Zin.
  3955 | D:4      | Noticed an ogre
  4224 | D:4      | Found Namp's Gadget Boutique.
  4226 | D:4      | Found a transporter.
  4231 | D:4      | Noticed DrEnzyme's ghost (novice DgWn)
  4235 | D:4      | Bought a wand of paralysis (3) for 70 gold pieces
  4249 | D:4      | Noticed Ijyb
  4263 | D:4      | Killed Ijyb
  4787 | D:5      | Entered Level 5 of the Dungeon
  4864 | D:4      | Found a sacrificial altar of Ru.
  4906 | D:4      | Reached XP level 6. HP: 47/47 MP: 8/8
  5354 | D:4      | Found a transporter.
  5563 | D:4      | Reached skill level 1 in Throwing
  5563 | D:4      | Reached skill level 1 in Evocations
  5598 | D:5      | Reached skill level 1 in Armour
  6002 | D:5      | Reached skill level 5 in Long Blades
  6002 | D:5      | Reached XP level 7. HP: 29/55 MP: 5/10
  6739 | D:6      | Found a staircase to the Ecumenical Temple.
  7233 | D:6      | Found a bloodstained altar of Trog.
  7359 | D:6      | Reached XP level 8. HP: 62/63 MP: 9/11
  7436 | D:6      | Reached skill level 6 in Long Blades
  8344 | D:7      | Noticed a hippogriff
  8481 | D:7      | Found a glowing golden altar of the Shining One.
  9185 | D:7      | Killed a hippogriff
  9289 | D:7      | Found a radiant altar of Vehumet.
 10186 | D:8      | Reached XP level 9. HP: 55/71 MP: 9/12
 11167 | D:8      | Noticed Pikel
 11182 | D:8      | Killed Pikel
 11182 | D:8      | Reached skill level 7 in Long Blades
 11396 | D:9      | Found the +8 demon blade "Bloodbane" {slice, *Rage +Rage
                  | Stlth-}
 11532 | D:9      | Reached skill level 5 in Shields
 11735 | D:9      | Reached skill level 5 in Fighting
 11944 | D:9      | Noticed Grum
 12054 | D:9      | Reached skill level 5 in Throwing
 12064 | D:9      | Killed Grum
 12065 | D:9      | Reached XP level 10. HP: 81/81 MP: 13/13
 12326 | D:8      | Reached skill level 1 in Unarmed Combat
 12955 | D:9      | Reached skill level 5 in Armour
 13406 | D:10     | Entered Level 10 of the Dungeon
 13416 | D:10     | Reached skill level 8 in Long Blades
 13478 | D:10     | Found a staircase to the Lair.
 14746 | D:4      | Killed DrEnzyme's ghost
 14747 | D:4      | Reached XP level 11. HP: 91/91 MP: 15/15
 15159 | D:11     | Found the +7 sceptre of Torment {pain, torment}
 15365 | D:11     | Reached skill level 9 in Long Blades
 16219 | D:11     | Found a staircase to the Orcish Mines.
 16639 | D:11     | Noticed a five-headed hydra
 16644 | D:11     | Killed a five-headed hydra
 16875 | D:11     | Killed an unseen horror
 16875 | D:11     | Reached skill level 10 in Long Blades
 16982 | Orc:1    | Entered Level 1 of the Orcish Mines
 17003 | Orc:1    | Noticed an orc warlord
 17016 | Orc:1    | Killed an orc warlord
 17290 | Orc:2    | Entered Level 2 of the Orcish Mines
 17323 | Orc:2    | Reached XP level 12. HP: 102/102 MP: 16/16
 17530 | Orc:2    | Found Tereneof's Antique Armour Shop.
 17530 | Orc:2    | Found Xuwumat's Armour Shoppe.
 17583 | Orc:2    | Bought a faintly humming chain mail for 323 gold pieces
 17583 | Orc:2    | Bought a pair of boots for 153 gold pieces
 17585 | Orc:2    | Identified the +8 chain mail of Xucal {rElec rF+ Slay-6}
                  | (You bought it in a shop on level 2 of the Orcish Mines)
 17932 | Orc:2    | Paralysed by an orc sorcerer for 5 turns
 18109 | Orc:2    | Reached skill level 11 in Long Blades
 18111 | Orc:2    | Reached skill level 5 in Dodging
 18181 | Orc:1    | Found a burning altar of Makhleb.
 18181 | Orc:1    | Noticed Fannar
 18191 | Orc:1    | Killed Fannar
 18311 | Orc:2    | Noticed Erolcha
 18353 | Orc:2    | Killed Erolcha
 18624 | Orc:2    | Found a roughly hewn altar of Beogh.
 18653 | Orc:2    | Found a staircase to the Elven Halls.
 18989 | Orc:2    | Found Feddoim's Antique Weapon Shoppe.
 18989 | Orc:2    | Found Eroifaqi's Antique Armour Shop.
 19157 | Orc:2    | Reached skill level 12 in Long Blades
 19265 | Orc:2    | Bought a steaming troll leather armour for 680 gold pieces
 19266 | Orc:2    | Identified the cursed +0 troll leather armour of Daleraru
                  | {rF+ Regen+ Int+5 Stlth-} (You bought it in a shop on level
                  | 2 of the Orcish Mines)
 19396 | Lair:1   | Entered Level 1 of the Lair of Beasts
 20337 | Lair:2   | Reached XP level 13. HP: 112/112 MP: 18/18
 20890 | Lair:2   | Identified the cursed +0 shield of Nufeoqym {*Contam +Blink
                  | rCorr} (You found it on level 2 of the Lair of Beasts)
 21353 | Lair:2   | Found a runed translucent door.
 21355 | Lair:2   | Noticed Nithhogg's ghost (journeyman MiFi)
 21608 | D:10     | Identified a scroll of acquirement
 21611 | D:10     | Got a glittering golden amulet
 21735 | D:12     | Noticed Frances
 21749 | D:11     | Killed Frances
 22079 | D:12     | Reached skill level 10 in Fighting
 22079 | D:12     | Reached skill level 13 in Long Blades
 22745 | Lair:3   | Noticed Gastronok
 22765 | Lair:3   | Killed Gastronok
 24375 | Lair:4   | Identified the amulet "Imirit" {RegenMP +Blink} (You
                  | acquired it on level 10 of the Dungeon)
 24698 | Lair:4   | Found a hole to the Spider Nest.
 24876 | Lair:4   | Found a staircase to the Shoals.
 24983 | Lair:5   | Found a staircase to the Slime Pits.
 25108 | Lair:5   | Reached skill level 14 in Long Blades
 25435 | Lair:5   | Reached skill level 10 in Shields
 25700 | Lair:6   | Entered Level 6 of the Lair of Beasts
 25825 | Lair:6   | Reached XP level 14. HP: 122/122 MP: 19/19
 27652 | Lair:6   | Reached skill level 5 in Stealth
 27988 | Lair:6   | Slain by a yak

Levels and vault maps discovered:
D:1:      psy_arrival_radial02, layout_basic, st_stairs_4
D:2:      layout_loops_ring, kiku_gazebo_pond_becter, lemuel_crystal_altar,
          lemuel_coloured_pillars_altar, uniq_robin
D:3:      layout_loops_ring, lemuel_doored_altar,
          nicolae_overflow_hidden_temple, nicolae_gozag_seed_capital
D:4:      layout_basic, kennysheep_mini, gammafunk_ghost_stat_death,
          serial_shops, shop, uniq_ijyb
D:5:      minmay_diamond_boxcup, layout_loops_ring, first_ration
D:6:      layout_cave_pools, trog_ov_bears_minmay, minmay_temple_entry_tees
D:7:      layout_basic, old_standard_altar, old_standard_altar,
          minmay_lizard_king
D:8:      layout_loops_corners, uniq_pikel
D:9:      layout_cave_pools, hangedman_little_slice_of_home, fountainhead,
          minmay_misc_feat_five, uniq_grum
D:10:     layout_gridville, david_lair_shrubbed, minivault_10,
          chequers_decorated_corner
D:11:     minmay_bubble_buster, layout_irregular_city, erik_orc_4,
          minmay_fractal_squares_diagonal_5
D:12:     layout_irregular_city, serial_glass, glass_columns_a, glass_columns_b,
          uniq_frances
Lair:1:   layout_misc_corridors, serial_bayou_shore_a, grunt_megastairs_3
Lair:2:   layout_regular_city, ebering_ghost_inner_flame,
          bobbens_dragon_lair_wall, lemuel_fruit_fields
Lair:3:   layout_small_grid, serial_bayou_shore_b, uniq_gastronok
Lair:4:   layout_cave_pods, minmay_shoals_entry_hut,
          spider_nest_entry_funnel_web, minivault_26, serial_bayou_pond_c, pond,
          lemuel_fruit_tree
Lair:5:   layout_long_grid, minmay_slime_entry_eyes, minmay_holes,
          minmay_lair_oklob_chamber
Lair:6:   evilmike_catoblepas_cave, layout_concentric_octagons,
          minmay_shattered_shrine, grunt_megastairs_2
Orc:1:    layout_diamond_mine, bloody_makhleb, uniq_fannar
Orc:2:    st_orc_town, layout_caves, rock_pile, uniq_erolcha

Skill      XL: |  1  2  3  4  5  6  7  8  9 10 11 12 13 14 |
---------------+-------------------------------------------+-----
Long Blades    | 3 4 5 6 7 8 10 12 14 | 14.8
Stealth        | 2 3 4 5 |  5.2
Slings         | 1 2 3 |  3.2
Throwing       | 1 2 3 5 6 |  6.0
Evocations     | 1 2 |  2.5
Armour         | 2 3 4 5 6 |  6.0
Fighting       | 2 3 5 6 8 9 10 12 | 12.0
Dodging        | 2 3 4 5 6 |  6.6
Shields        | 2 4 5 6 7 8 10 | 10.9
Unarmed Combat | 1 |  1.1
Maces & Flails | |  1.7

Action                   |  1- 3 |  4- 6 |  7- 9 | 10-12 | 13-15 || total
-------------------------+-------+-------+-------+-------+-------++-------
Melee: Falchion          |   120 |   174 |   463 |   145 |       ||   902
       Unarmed           |       |    27 |     7 |     5 |       ||    39
       Demon blade       |       |       |       |   692 |   749 ||  1441
 Fire: Hunting sling     |    26 |    31 |    22 |       |       ||    79
Throw: Boomerang         |       |    11 |     3 |       |       ||    14
       Dart              |       |    16 |   180 |    17 |       ||   213
       Javelin           |       |       |       |    26 |    10 ||    36
 Abil: Evoke Berserk Rag |       |       |       |     2 |     2 ||     4
Evoke: Wand              |       |     9 |    13 |    10 |     5 ||    37
  Use: Potion            |     1 |       |     1 |     1 |       ||     3
       Scroll            |       |    11 |     5 |    13 |    12 ||    41
 Stab: Sleeping          |     6 |     3 |     2 |     2 |       ||    13
       Paralysed         |       |    10 |       |       |       ||    10
       Confused          |       |       |       |     1 |       ||     1
       Distracted        |       |       |       |     2 |       ||     2
       Petrified         |       |       |       |       |     7 ||     7
       Petrifying        |       |       |       |       |     1 ||     1
  Eat: Chunk             |     4 |    12 |    11 |    34 |    15 ||    76
       Ration            |       |       |     3 |     1 |     2 ||     6
Armor: Robe              |    27 |    16 |       |       |       ||    43
       Skin              |    10 |     1 |       |       |       ||    11
       Ring mail         |       |     8 |   185 |    19 |       ||   212
       Chain mail        |       |    21 |     2 |       |       ||    23
       Troll leather arm |       |       |       |   187 |    96 ||   283
Dodge: Dodged            |    67 |   112 |   211 |   355 |   282 ||  1027
Block: Shield            |       |       |   227 |   444 |   328 ||   999
       Rpst.: Falchion   |    13 |    29 |    58 |    21 |       ||   121
       Demon blade       |       |       |       |    70 |    62 ||   132

Table legend:
 A = Non-vault XP
 B = Vault XP
 C = Vault XP percentage of total XP
 D = Non-vault monster count
 E = Vault monster count
 F = Vault count percentage of total count
                 A         B        C        D         E       F
            +---------+---------+-------+---------+---------+-------
      Total |   68165 |   40329 |  37.2 |     520 |     217 |  29.4
            +---------+---------+-------+---------+---------+-------
        D:1 |      60 |       4 |   6.2 |      34 |       3 |   8.1
        D:2 |      64 |      34 |  34.7 |      25 |      11 |  30.6
        D:3 |     174 |       0 |   0.0 |      27 |       0 |   0.0
        D:4 |     283 |     594 |  67.7 |       9 |       5 |  35.7
        D:5 |     654 |      52 |   7.4 |      19 |       5 |  20.8
        D:6 |     690 |     252 |  26.8 |      20 |       2 |   9.1
        D:7 |     554 |     155 |  21.9 |      12 |       9 |  42.9
        D:8 |    3195 |     629 |  16.4 |      43 |       1 |   2.3
        D:9 |    2315 |     808 |  25.9 |      30 |      13 |  30.2
       D:10 |    2772 |     361 |  11.5 |      28 |       1 |   3.4
       D:11 |    5519 |    4737 |  46.2 |      32 |      34 |  51.5
       D:12 |    6446 |       0 |   0.0 |      34 |       0 |   0.0
     Lair:1 |    4557 |    1175 |  20.5 |      21 |       5 |  19.2
     Lair:2 |    1095 |    3185 |  74.4 |       6 |      16 |  72.7
     Lair:3 |    5211 |    2234 |  30.0 |      21 |       1 |   4.5
     Lair:4 |    3652 |    2169 |  37.3 |      17 |       9 |  34.6
     Lair:5 |    5365 |     542 |   9.2 |      15 |       2 |  11.8
     Lair:6 |   14117 |   15968 |  53.1 |      41 |      35 |  46.1
      Orc:1 |    4857 |     971 |  16.7 |      35 |       1 |   2.8
      Orc:2 |    6585 |    6459 |  49.5 |      51 |      64 |  55.7
            +---------+---------+-------+---------+---------+-------
